 Dungeon Crawl Stone Soup version 0.23-a0-295-g2e428d4 (webtiles) character file.

10000 Mgcat the Destroyer (level 11, 0/63 HPs)
             Began as a Gargoyle Venom Mage on Oct 3, 2018.
             Was an Elder of Cheibriados.
             Slain by an orc knight
             ... wielding a +0 trident
              (14 damage)
             ... in a bailey on Oct 4, 2018.
             The game lasted 00:40:06 (9866 turns).

Mgcat the Destroyer (Gargoyle Venom Mage)           Turns: 9866, Time: 00:40:07

Health: 0/63       AC: 15    Str: 21    XL:     11   Next: 55%
Magic:  11/21      EV: 16    Int: 33    God:    Cheibriados [****..]
Gold:   490        SH:  0    Dex: 20    Spells: 9/24 levels left

rFire    . . .     SeeInvis .   n - +4 halberd (chop)
rCold    . . .     Gourm    .   (shield currently unavailable)
rNeg     + . .     Faith    .   a - +0 robe
rPois    ∞         Spirit   .   q - +2 hat {Int+3}
rElec    +         Reflect  .   i - +0 cloak
rCorr    .         Harm     .   k - +1 pair of gloves
MR       .....                  (no boots)
Stlth    +++.......             y - amulet of magic regeneration
HPRegen  0.20/turn              (no ring)
MPRegen  0.42/turn              (no ring)

@: invisible, very slow
A: negative energy resistance 1, electricity resistance, unbreathing,
petrification resistance, rot immunity, AC +8
a: Bend Time, Temporal Distortion, Slouch, Renounce Religion


You were in a bailey.
You worshipped Cheibriados.
Cheibriados was greatly pleased with you.
You were not hungry.

You visited 1 branch of the dungeon, and saw 9 of its levels.
You also visited: Sewer and Bailey.

You collected 490 gold pieces.

Inventory:

Hand Weapons
 n - a +4 halberd of chopping (weapon)
   (You took it off a gnoll on level 3 of the Dungeon)
Missiles
 h - 9 throwing nets {=f, !d}
Armour
 a - a +0 robe (worn)
 i - a +0 cloak (worn)
   (You found it on level 8 of the Dungeon)
 k - a +1 pair of gloves (worn)
   (You found it on level 2 of the Dungeon)
 l - a +0 shield
   (You found it in a sewer)
 q - a +2 hat of intelligence (worn)
   (You took it off Gastronok on level 8 of the Dungeon)
 B - a +0 shield of protection
   (You found it in a bailey)
 C - +1 steam dragon scales
   (You found it in a bailey)
Magical Staves
 p - an uncursed staff of fire {rF+}
   (You found it on level 6 of the Dungeon)
Jewellery
 u - an uncursed ring of fire {rF+, rC-}
   (You found it on level 4 of the Dungeon)
 y - an amulet of magic regeneration (around neck)
   (You found it on level 4 of the Dungeon)
Wands
 f - a wand of scattershot (1)
   (You found it in a sewer)
 j - a wand of paralysis (11)
   (You found it on level 3 of the Dungeon)
 o - a wand of flame (50)
   (You took it off Ijyb on level 3 of the Dungeon)
 w - a wand of enslavement (11)
   (You found it on level 5 of the Dungeon)
 z - a wand of acid (10)
   (You found it on level 9 of the Dungeon)
Scrolls
 d - 2 scrolls of identify
 t - a scroll of remove curse
Potions
 b - a potion of might
 e - a potion of curing
 g - a potion of resistance
 m - 4 potions of lignification {!q}
 r - a potion of flight
 s - a potion of invisibility
 v - 3 potions of brilliance
 x - a potion of agility
 A - 2 potions of ambrosia {unknown}
Comestibles
 c - 23 rations


   Skills:
 - Level 5.1 Fighting
 + Level 3.4 Polearms
 - Level 5.0 Dodging
 - Level 5.0 Stealth
 + Level 7.1 Spellcasting
 + Level 8.3 Conjurations
 - Level 5.0 Air Magic
 + Level 8.1 Poison Magic
 - Level 5.2 Invocations


You had 9 spell levels left.
You knew the following spells:

 Your Spells              Type           Power        Failure   Level  Hunger
a - Sting                 Conj/Pois      ####         1%          1    None
b - Poisonous Vapours     Pois/Air       ######       1%          2    None
c - Mephitic Cloud        Conj/Pois/Air  ######..     1%          3    None
d - Olgreb's Toxic Radia  Pois           ######..     1%          4    #......
e - Venom Bolt            Conj/Pois      ######....   3%          5    ####...

Your spell library contained the following spells:

 Spells                   Type           Power        Failure   Level  Hunger
 Confusing Touch          Hex            ##....       3%          1    None
 Confuse                  Hex            ##......     12%         3    None
 Gell's Gravitas          Tloc           ##........   12%         3    None
 Petrify                  Tmut/Erth      ##......     36%         4    #......
 Metabolic Englaciation   Hex/Ice        ##........   71%         5    ####...
 Yara's Violent Unravell  Hex/Tmut       ##........   71%         5    ####...


Dungeon Overview and Level Annotations

Branches:
Dungeon (9/15)             Temple (0/1) D:5
   Lair: D:8-11         Orc: D:9-12

Altars:
Ashenzari
Cheibriados
Kikubaaqudgha
Okawaru
Ru
Trog
Uskayaw
Xom
Zin

Shops:
D:6 *   D:7 (


Innate Abilities, Weirdness & Mutations

You are resistant to torment.
Your stone body is resilient. (AC +8)
You are immune to poison.
You resist negative energy. (rN+)
You are resistant to electric shocks. (rElec)
You can survive without breathing.
You are immune to petrification.
You are immune to rotting.


Message History

There is a large open door here.
There is a large open door here.
You now have 465 gold pieces (gained 18).
You now have 484 gold pieces (gained 19).
You now have 490 gold pieces (gained 6).
There is a large open door here.
There is a large open door here.
There is an open door here.
You open the door.
Found a glowing scale mail and runed steam dragon scales.
Found a glowing shield.
There is an open door here.
Unknown command.
Unknown command.
Unknown command.
Unknown command.
You see here a glowing shield.
B - a glowing shield You see here a glowing scale mail.
You see here runed steam dragon scales.
C - runed steam dragon scales You see here a glowing scale mail.
There is an open door here.
You open the door.
An orc knight comes into view. It is wielding a trident.
There is an open door here.
Unknown command.
Unknown command.
Unknown command.
Unknown command.
Unknown command.
Unknown command.
Casting: Poisonous Vapours (safe; 1% risk of failure)
Confirm with . or Enter, or press ? or * to list all spells.
You begin to radiate toxic energy.
The orc knight shouts!
The orc knight is poisoned.
Unknown command.
Unknown command.
Unknown command.
Unknown command.
Unknown command.
Casting: Olgreb's Toxic Radiance (safe; 1% risk of failure)
Confirm with . or Enter, or press ? or * to list all spells.
Aiming: Poisonous Vapours (safe; 1% risk of failure)
Press: ? - help, Dir - move target cursor, f - orc knight
Aim: an orc knight, wielding a trident and wearing a plate armour (poisoned) Poisonous vapours surround the orc knight!
The orc knight looks even sicker.
The orc knight is engulfed in poison gas.
The orc knight looks even sicker.
Your toxic aura wanes.
Casting: Poisonous Vapours (safe; 1% risk of failure)
Confirm with . or Enter, or press ? or * to list all spells.
Aiming: Poisonous Vapours (safe; 1% risk of failure)
Press: ? - help, Dir - move target cursor, f/p - orc knight
Aim: an orc knight, wielding a trident and wearing a plate armour (lightly Poisonous vapours surround the orc knight!
The orc knight is engulfed in poison gas.
The orc knight looks as sick as possible!
The orc knight hits you from afar with a trident!
Casting: Poisonous Vapours (safe; 1% risk of failure)
Confirm with . or Enter, or press ? or * to list all spells.
Aiming: Poisonous Vapours (safe; 1% risk of failure)
Press: ? - help, Dir - move target cursor, f/p - orc knight
Aim: an orc knight, wielding a trident and wearing a plate armour (moderately Poisonous vapours surround the orc knight!
The orc knight is engulfed in poison gas.
The orc knight looks as sick as possible!
The orc knight hits you from afar with a trident!
Casting: Poisonous Vapours (safe; 1% risk of failure)
Confirm with . or Enter, or press ? or * to list all spells.
Aiming: Poisonous Vapours (safe; 1% risk of failure)
Press: ? - help, Dir - move target cursor, f/p - orc knight
Aim: an orc knight, wielding a trident and wearing a plate armour (moderately Poisonous vapours surround the orc knight!
The orc knight is engulfed in poison gas.
The orc knight looks as sick as possible!
The orc knight hits you from afar with a trident!!
Casting: Poisonous Vapours (safe; 1% risk of failure)
Confirm with . or Enter, or press ? or * to list all spells.
Aiming: Poisonous Vapours (safe; 1% risk of failure)
Press: ? - help, Dir - move target cursor, f/p - orc knight
Aim: an orc knight, wielding a trident and wearing a plate armour (poison gas, The poisonous vapours increase!
The orc knight looks as sick as possible!
The orc knight hits you from afar with a trident!
* * * LOW HITPOINT WARNING * * *
Unknown command.
Unknown command.
Unknown command.
Okay, then.
Unknown command.
Okay, then.
Unknown command.
You fade into invisibility!
The orc knight is engulfed in poison gas.
The orc knight looks as sick as possible!
The orc knight hits you from afar with a trident!
You die...

##..≈≈≈≈≈≈≈..##
##..≈≈....)≈≈..##
#####..≈≈..###..≈≈..##########
......≈≈..## ##..≈≈..........#
≈≈≈≈≈≈≈..##.∩.##..≈≈≈≈≈≈≈≈≈≈.#
...)....##.....##..).......≈.#
########'###+#############.≈.#
#.....##)........##.....##.≈.#
##...##..≈§≈≈≈≈≈@.o# ##).≈.#
.##.##..≈≈..)..≈≈..## ##..≈≈.#
).#'#..§≈..⌠∩⌠..≈≈..# #.)≈≈.##
..#'#..≈≈...⌠..)≈≈..# #..≈≈.∩#
.##.##..≈≈§§§.)≈≈..## ##..≈≈.#
##...'#..≈§§§≈≈≈..## ##).≈.#
#.....##...§.....##.$$$.##.≈.#
############'#############)≈.#
).......##.....# #####.)≈.#


You could see an orc knight.

Vanquished Creatures
  Gastronok (D:8)
  A two-headed ogre (D:8)
  2 orc knights (Bailey)
  2 hippogriffs
  The ghost of Tovarisch the Skirmisher, an amateur VSWn (D:4)
  Sigmund (D:5)
  6 yaks
  A wraith (D:8)
  3 hogs (D:7)
  A human (D:7)
  A hungry ghost (D:9)
  A water moccasin (D:6)
  3 ice beasts
  6 orc warriors (Bailey)
  Purgy (Sewer)
  2 black bears
  A sky beast (D:8)
  4 phantoms
  7 ogres
  3 gnoll sergeants (D:8)
  3 bullfrogs
  2 scorpions (D:6)
  6 howler monkeys
  2 bullfrog zombies
  4 crimson imps
  A centaur zombie (D:7)
  6 jellies
  2 gnoll shamans (D:8)
  7 hounds
  2 orc priests
  2 centaur skeletons
  A bullfrog skeleton (D:6)
  2 iguanas
  Ijyb (D:3)
  5 worker ants
  2 hound skeletons
  A worker ant zombie (D:9)
  A howler monkey zombie (D:5)
  10 adders
  26 gnolls
  2 river rats (D:4)
  4 shadow imps
  An ooze (D:6)
  2 adder zombies
  3 worms
  A dart slug (D:1)
  3 leopard geckos
  19 orcs
  3 ball pythons
  10 giant cockroaches
  10 goblins
  4 hobgoblins
  18 jackals
  3 quokkas
  6 bats
  7 frilled lizards
  A jackal zombie (D:7)
  15 kobolds
  A leopard gecko skeleton (D:4)
  A quokka skeleton (D:9)
  12 rats
260 creatures vanquished.

Vanquished Creatures (others)
  2 withered plants (D:4)
2 creatures vanquished.

Grand Total: 262 creatures vanquished

Notes
Turn   | Place    | Note
-------+----------+-------------------------------------------
     0 | D:1      | Mgcat the Gargoyle Venom Mage began the quest for the Orb.
     0 | D:1      | Reached XP level 1. HP: 10/10 MP: 3/3
   206 | D:1      | Reached XP level 2. HP: 13/15 MP: 3/5
   210 | D:1      | Learned a level 2 spell: Poisonous Vapours
   643 | D:1      | Reached XP level 3. HP: 13/19 MP: 2/6
   648 | D:1      | Learned a level 3 spell: Mephitic Cloud
   697 | D:1      | Reached skill level 2 in Conjurations
  1373 | D:2      | Reached XP level 4. HP: 17/24 MP: 0/7
  1433 | D:2      | Reached skill level 1 in Air Magic
  2109 | D:2      | HP: 3/24 [gnoll/flail (5)]
  2375 | D:3      | Found a transporter.
  2474 | D:3      | Reached XP level 5. HP: 28/28 MP: 0/9
  2651 | D:3      | Found a transporter.
  2838 | D:3      | Reached skill level 3 in Spellcasting
  2933 | D:3      | Found a faded altar of an unknown god.
  2977 | D:3      | Became a worshipper of Cheibriados the Contemplative
  2977 | D:3      | Reached * piety under Cheibriados
  3256 | D:3      | Noticed Ijyb
  3260 | D:3      | Killed Ijyb
  3260 | D:3      | Reached skill level 3 in Conjurations
  3451 | D:4      | Found a runed door.
  3451 | D:4      | Noticed Tovarisch's ghost (amateur VSWn)
  3451 | D:4      | Noticed an ice beast
  3504 | D:4      | Reached skill level 4 in Poison Magic
  3530 | D:4      | Reached XP level 6. HP: 32/32 MP: 1/10
  3610 | D:4      | Reached skill level 2 in Air Magic
  3795 | D:4      | HP: 6/32 [ogre/giant club (19)]
  3798 | D:4      | Reached skill level 3 in Stealth
  4124 | D:4      | Reached XP level 7. HP: 36/36 MP: 3/12
  4214 | D:4      | Learned a level 4 spell: Olgreb's Toxic Radiance
  4229 | D:5      | Entered Level 5 of the Dungeon
  4258 | D:5      | Found a sacrificial altar of Ru.
  4258 | D:5      | Noticed a hippogriff
  4273 | D:4      | Reached ** piety under Cheibriados
  4309 | D:4      | Reached skill level 4 in Conjurations
  4459 | D:5      | Found a glowing drain.
  4469 | Sewer    | Entered a sewer
  4531 | Sewer    | Noticed Purgy
  4545 | Sewer    | Killed Purgy
  4631 | D:5      | Reached skill level 4 in Stealth
  4631 | D:5      | Reached skill level 4 in Spellcasting
  4657 | D:5      | Found a staircase to the Ecumenical Temple.
  4710 | D:5      | Killed a hippogriff
  4710 | D:5      | Reached skill level 3 in Air Magic
  4710 | D:5      | Reached skill level 5 in Poison Magic
  4710 | D:5      | Reached XP level 8. HP: 41/41 MP: 1/14
  5203 | D:5      | Reached *** piety under Cheibriados
  5368 | D:5      | Noticed Sigmund
  5375 | D:5      | Killed Sigmund
  5375 | D:5      | Reached skill level 5 in Conjurations
  5601 | D:6      | Reached skill level 5 in Stealth
  5643 | D:6      | Reached skill level 1 in Fighting
  5643 | D:6      | Reached skill level 1 in Invocations
  5702 | D:6      | Found a hide-covered altar of Uskayaw.
  5708 | D:6      | Found a glowing silver altar of Zin.
  5708 | D:6      | Found a basalt altar of Yredelemnul.
  5710 | D:6      | Found an ancient bone altar of Kikubaaqudgha.
  5710 | D:6      | Found a shimmering altar of Xom.
  5710 | D:6      | Found a shattered altar of Ashenzari.
  5729 | D:6      | Reached skill level 2 in Dodging
  5932 | D:6      | Reached XP level 9. HP: 48/48 MP: 16/16
  5942 | D:6      | Found Suemmuqa's General Store.
  5953 | D:6      | Reached skill level 5 in Spellcasting
  5953 | D:6      | Reached skill level 2 in Invocations
  5967 | D:6      | HP: 18/72 [ice beast (7)]
  5982 | D:6      | Reached skill level 2 in Fighting
  6005 | D:6      | Reached skill level 4 in Air Magic
  6098 | D:6      | Reached skill level 6 in Poison Magic
  6699 | D:7      | Found Waiwk's Weapon Emporium.
  6769 | D:7      | Reached skill level 6 in Conjurations
  6799 | D:7      | Found a bloodstained altar of Trog.
  6976 | D:7      | Reached skill level 3 in Invocations
  6977 | D:7      | Reached **** piety under Cheibriados
  6977 | D:7      | Reached skill level 3 in Fighting
  6977 | D:7      | Reached skill level 3 in Dodging
  7111 | D:7      | Upgraded the game from 0.23-a0-290-g290e36d to
                  | 0.23-a0-295-g2e428d4
  7151 | D:8      | Reached XP level 10. HP: 56/56 MP: 8/18
  7355 | D:8      | Reached skill level 4 in Invocations
  7460 | D:8      | Reached skill level 4 in Fighting
  7708 | D:8      | Reached ***** piety under Cheibriados
  7947 | D:8      | Reached skill level 6 in Spellcasting
  7947 | D:8      | Reached skill level 5 in Air Magic
  7954 | D:8      | Learned a level 5 spell: Venom Bolt
  8169 | D:4      | Killed Tovarisch's ghost
  8169 | D:4      | Reached skill level 7 in Poison Magic
  8609 | D:8      | Reached skill level 7 in Conjurations
  8693 | D:8      | Noticed Gastronok
  8708 | D:8      | Killed Gastronok
  8708 | D:8      | Reached skill level 5 in Fighting
  8708 | D:8      | Reached skill level 1 in Polearms
  8708 | D:8      | Reached skill level 4 in Dodging
  8708 | D:8      | Reached skill level 5 in Invocations
  8708 | D:8      | Reached XP level 11. HP: 45/63 MP: 5/20
  8826 | D:8      | Reached skill level 2 in Polearms
  8879 | D:8      | Noticed a two-headed ogre
  8886 | D:8      | Killed a two-headed ogre
  9413 | D:9      | Found an iron altar of Okawaru.
  9426 | D:9      | Reached skill level 8 in Conjurations
  9508 | D:9      | Found a flagged portal.
  9521 | Bailey   | Entered a bailey
  9584 | Bailey   | Reached skill level 3 in Polearms
  9752 | Bailey   | Noticed an orc knight
  9752 | Bailey   | Noticed an orc knight
  9767 | Bailey   | Reached skill level 7 in Spellcasting
  9767 | Bailey   | Reached skill level 8 in Poison Magic
  9767 | Bailey   | Killed an orc knight
  9767 | Bailey   | Reached skill level 5 in Dodging
  9773 | Bailey   | Killed an orc knight
  9857 | Bailey   | Noticed an orc knight
  9865 | Bailey   | HP: 14/63 [orc knight/trident (13)]
  9866 | Bailey   | Slain by an orc knight

Vault maps used:
D:1:      sevenhm_arrival_forest_fort_small_4
D:3:      gammafunk_wand_slinger, chequers_ecumenical_altar_simple_redux,
          first_ration, uniq_ijyb
D:4:      gammafunk_ghost_grave
D:5:      nicolae_ru_awakened_eye, minmay_temple_entry_poolview,
          portal_sewer_entry_b, minmay_stone_trees_small, uniq_sigmund
D:6:      doesnt_xom_only_xom, serial_shops, nicolae_shop_crystal,
          kennysheep_another_room, st_stairs_13
D:7:      bloody_trog, serial_shops, shop, grunt_livestock
D:8:      serial_gnoll_camp, gnoll_camp_medium_01, gnoll_camp_medium_02,
          gnoll_camp_mini_doghouse, gnoll_camp_mini_house, uniq_gastronok
D:9:      old_standard_altar, enter_bailey_8, serial_shops,
          nicolae_shop_competitors_out_of_business
Sewer:    sewer_the_crocodile
Bailey:   bailey_polearm_1, bailey

Skill      XL: |  1  2  3  4  5  6  7  8  9 10 11 |
---------------+----------------------------------+-----
Conjurations   | 2 3 4 5 6 7 8 |  8.3
Air Magic      | 1 2 3 4 5 |  5.0
Spellcasting   | 3 4 5 6 7 |  7.1
Poison Magic   | 4 5 6 7 8 |  8.1
Stealth        | 3 4 5 |  5.0
Fighting       | 1 3 5 |  5.1
Invocations    | 1 3 5 |  5.2
Dodging        | 2 3 4 5 |  5.0
Polearms       | 1 3 |  3.4

Action                   |  1- 3 |  4- 6 |  7- 9 | 10-12 || total
-------------------------+-------+-------+-------+-------++-------
Melee: Short sword       |    41 |    17 |       |       ||    58
       Unarmed           |     1 |       |       |       ||     1
       Halberd           |       |     5 |   175 |   139 ||   319
 Cast: Sting             |    81 |    77 |    31 |    19 ||   208
       Poisonous Vapours |       |    38 |    84 |   125 ||   247
       Mephitic Cloud    |       |     1 |     4 |       ||     5
       Olgreb's Toxic Ra |       |       |     6 |    22 ||    28
       Venom Bolt        |       |       |       |     5 ||     5
Invok: Slouch            |       |       |       |     5 ||     5
Evoke: Wand              |       |       |     1 |       ||     1
  Use: Scroll            |       |       |    18 |     5 ||    23
       Potion            |       |       |     4 |     1 ||     5
 Stab: Sleeping          |       |       |     8 |       ||     8
  Eat: Chunk             |     3 |     7 |     3 |    12 ||    25
       Ration            |       |       |     1 |       ||     1
Armor: Robe              |    21 |     9 |    77 |    66 ||   173
       Skin              |       |       |    31 |       ||    31
Dodge: Dodged            |    49 |    28 |   126 |   146 ||   349

Table legend:
 A = Non-vault XP
 B = Vault XP
 C = Vault XP percentage of total XP
 D = Non-vault monster count
 E = Vault monster count
 F = Vault count percentage of total count
                 A         B        C        D         E       F
            +---------+---------+-------+---------+---------+-------
      Total |    7361 |    6925 |  48.5 |     178 |      82 |  31.5
            +---------+---------+-------+---------+---------+-------
        D:1 |      55 |       0 |   0.0 |      32 |       0 |   0.0
        D:2 |      79 |       0 |   0.0 |      22 |       0 |   0.0
        D:3 |      71 |     111 |  61.0 |      18 |       5 |  21.7
        D:4 |     528 |     272 |  34.0 |      14 |       7 |  33.3
        D:5 |     723 |     221 |  23.4 |      21 |       2 |   8.7
        D:6 |    1101 |      46 |   4.0 |      16 |       1 |   5.9
        D:7 |     658 |    1005 |  60.4 |      12 |       5 |  29.4
        D:8 |    2944 |    3097 |  51.3 |      30 |      37 |  55.2
        D:9 |    1202 |       0 |   0.0 |      13 |       0 |   0.0
      Sewer |       0 |     136 | 100.0 |       0 |       6 | 100.0
     Bailey |       0 |    2037 | 100.0 |       0 |      19 | 100.0
            +---------+---------+-------+---------+---------+-------

Vault maps used:
D:1:      sevenhm_arrival_forest_fort_small_4
D:3:      gammafunk_wand_slinger, chequers_ecumenical_altar_simple_redux,
          first_ration, uniq_ijyb
D:4:      gammafunk_ghost_grave
D:5:      nicolae_ru_awakened_eye, minmay_temple_entry_poolview,
          portal_sewer_entry_b, minmay_stone_trees_small, uniq_sigmund
D:6:      doesnt_xom_only_xom, serial_shops, nicolae_shop_crystal,
          kennysheep_another_room, st_stairs_13
D:7:      bloody_trog, serial_shops, shop, grunt_livestock
D:8:      serial_gnoll_camp, gnoll_camp_medium_01, gnoll_camp_medium_02,
          gnoll_camp_mini_doghouse, gnoll_camp_mini_house, uniq_gastronok
D:9:      old_standard_altar, enter_bailey_8, serial_shops,
          nicolae_shop_competitors_out_of_business
Sewer:    sewer_the_crocodile
Bailey:   bailey_polearm_1, bailey

Table legend:
 A = Turns spent in this place as a percentage of turns spent in the entire game.
 B = Non-inter-level travel turns spent in this place as a percentage of non-inter-level travel turns spent in the entire game.
 C = Inter-level travel turns spent in this place as a percentage of turns spent in this place.
 D = Turns resting spent in this place as a percentage of non-inter-level travel turns spent in this place.
 E = Turns spent auto-exploring this place as a percentage of non-inter-level travel turns spent in this place.
 F = Non-inter-level travel turns spent in this place divided by the number of levels of this place that you've seen.
                   A       B       C       D       E      F
               +-------+-------+-------+-------+-------+----------------------
         Total | 100.0 | 100.0 |   6.7 |   5.8 |  74.5 | 837.1
       Dungeon |  95.1 |  94.8 |   7.0 |   6.1 |  74.9 | 969.6
         Sewer |   1.4 |   1.5 |   0.0 |   0.0 |  57.7 | 137.0
        Bailey |   3.5 |   3.7 |   0.0 |   0.0 |  70.7 | 345.0
               +-------+-------+-------+-------+-------+----------------------

Table legend:
 A = Kills in this place as a percentage of kills in entire the game.
 B = Kills by you in this place as a percentage of kills by you in the entire game.
 C = Kills by friends in this place as a percentage of kills by friends in the entire game.
 D = Other kills in this place as a percentage of other kills in the entire game.
 E = Experience gained in this place as a percentage of experience gained in the entire game.
 F = Experience gained in this place divided by the number of levels of this place that you have seen.
                   A       B       C       D       E      F
               +-------+-------+-------+-------+-------+----------------------
         Total | 100.0 | 100.0 |   N/A |   N/A | 100.0 | 1298.7
       Dungeon |  90.4 |  90.4 |   N/A |   N/A |  84.8 | 1345.9
         Sewer |   2.3 |   2.3 |   N/A |   N/A |   1.0 | 136.0
        Bailey |   7.3 |   7.3 |   N/A |   N/A |  14.3 | 2037.0
               +-------+-------+-------+-------+-------+----------------------
